 Dungeon Crawl Stone Soup version 0.18.1-50-g88ac8fd (webtiles) character file.

239 wamma the Ducker (level 5, -6/46 HPs)
             Began as a Minotaur Gladiator on Sept 22, 2016.
             Shot with an arrow by a centaur (11 damage)
             ... on level 3 of the Dungeon.
             The game lasted 00:13:35 (2366 turns).

wamma the Ducker (Minotaur Gladiator)               Turns: 2366, Time: 00:13:36

Health: -6/46      AC:  6    Str: 21    XL:     5   Next: 79%
Magic:  13/13      EV:  8    Int:  5    God:
Gold:   178        SH:  0    Dex: 10    Spells: 0 memorised, 4 levels left

rFire  . . .     SeeInvis .     a - +0 long sword
rCold  . . .     Gourm    .     b - +0 leather armour
rNeg   . . .     Faith    .     (no shield)
rPois  .         Spirit   .     c - +0 hat
rElec  .         Dismiss  .     (no cloak)
rCorr  .         Reflect  .     r - +1 pair of gloves
SustAt .         Harm     .     s - +0 pair of boots
MR     +....                    u - amulet of rage
Stlth  +.........               e - ring of magical power
                                m - ring of protection from magic

@: somewhat resistant to hostile enchantments, very unstealthy
A: retaliatory headbutt, horns 2
a: Evoke Berserk Rage


You were on level 3 of the Dungeon.
You were not hungry.

You visited 1 branch of the dungeon, and saw 3 of its levels.

You collected 178 gold pieces.

Inventory:

Hand Weapons
 a - a +0 long sword (weapon)
 v - a cursed -3 trident
Missiles
 d - 3 throwing nets (quivered)
 t - 48 stones
Armour
 b - a +0 leather armour (worn)
 c - a +0 hat (worn)
 r - a +1 pair of gloves (worn)
 s - a +0 pair of boots (worn)
Jewellery
 e - a ring of magical power (right hand)
 h - an uncursed ring of resist corrosion
 m - a ring of protection from magic (left hand)
 u - an amulet of rage (around neck)
 y - a cursed ring of teleportation {unknown}
Scrolls
 i - a scroll of remove curse
 o - a scroll of blinking
Potions
 j - a potion of curing {unknown}
 k - a potion of brilliance {unknown}
 l - a potion of agility {unknown}
 n - a potion of degeneration {unknown}
 x - a potion of might {unknown}
 z - a potion of magic {unknown}
Comestibles
 f - 4 bread rations
 p - 2 meat rations
 q - a slice of pizza


   Skills:
 + Level 3.8 Fighting
 + Level 5.1 Long Blades
 + Level 2.0 Throwing
 + Level 1.3 Armour
 + Level 5.2 Dodging
 + Level 1.0 Stealth


You had 4 spell levels left.
You didn't know any spells.

Dungeon Overview and Level Annotations

Branches:
Dungeon (3/15)

Altars:
Ashenzari
Gozag


Innate Abilities, Weirdness & Mutations

You reflexively headbutt those who attack you in melee.
You have a pair of horns on your head.


Message History

The gnoll barely misses you.
The gnoll hits you from afar with a halberd!
* * * LOW HITPOINT WARNING * * *
There are monsters nearby!
Blink to where?
Press: ? - help, Dir - move target cursor You are very lightly contaminated with residual magic.
As you read the scroll of blinking, it crumbles to dust.
It was a potion of cancellation.
Your magical contamination has completely faded away.
You feel magically purged.
The centaur shoots an arrow.
The arrow closely misses you.
You see here an arrow.
The centaur shoots an arrow.
The arrow hits you but does no damage.
You see here an arrow.
The centaur shoots an arrow.
The arrow hits you but does no damage.
There is a stone staircase leading up here.
You can't go down here!
The centaur shoots an arrow.
The arrow hits you!
You die...

.c.## ..#..
#...###...####
##..#########...
..............
o..g.o(........
...##...###...
#######(#####.# ..
##...#..## #.o.###.# ##.
. ##.....## ###.o#..#
#..#.##...#†.###
##..c.####.##..#.#.##....
###.g...#.# #...........
####.###@#.# #.###.####..
#....# #.).###.# #.# #..
#.#### #.#.....###.# #..
### #........##.# #..
#..#####....# ### ####
######


You could see a centaur, a gnoll and an orc.

Vanquished Creatures
  A giant frog (D:3)
  Jessica (D:3)
  3 gnolls
  4 adders
  2 oozes (D:2)
  2 dart slugs
  2 giant geckos
  4 orcs (D:3)
  7 bats
  3 giant cockroaches (D:2)
  6 goblins
  10 hobgoblins
  4 jackals (D:1)
  6 kobolds
  A quokka (D:2)
  7 giant newts
  7 rats
70 creatures vanquished.

Vanquished Creatures (others)
  An orc wizard (D:3)
1 creature vanquished.

Grand Total: 71 creatures vanquished

Notes
Turn   | Place    | Note
--------------------------------------------------------------
     0 | D:1      | wamma the Minotaur Gladiator began the quest for the Orb.
     0 | D:1      | Reached XP level 1. HP: 18/18 MP: 0/0
    53 | D:1      | Reached XP level 2. HP: 18/25 MP: 1/1
   675 | D:1      | Reached XP level 3. HP: 30/30 MP: 2/2
  1229 | D:2      | Reached XP level 4. HP: 32/37 MP: 3/3
  1606 | D:2      | Found an opulent altar of Gozag.
  2026 | D:3      | Found a shattered altar of Ashenzari.
  2029 | D:3      | Noticed a giant frog
  2034 | D:3      | Killed a giant frog
  2034 | D:3      | Reached skill level 1 in Armour
  2034 | D:3      | Reached skill level 5 in Dodging
  2034 | D:3      | Reached XP level 5. HP: 37/46 MP: 4/4
  2133 | D:3      | Noticed Jessica
  2136 | D:3      | Killed Jessica
  2136 | D:3      | Reached skill level 5 in Long Blades
  2322 | D:3      | Noticed a centaur
  2333 | D:3      | Reached skill level 1 in Stealth
  2344 | D:3      | HP: 1/46 [gnoll/halberd (11)]
  2366 | D:3      | Shot with an arrow by a centaur

Skill      XL: |  1  2  3  4  5 |
---------------+----------------+-----
Long Blades    | 4 5 |  5.1
Dodging        | 4 5 |  5.2
Fighting       | 3 |  3.8
Armour         | 1 |  1.3
Stealth        | 1 |  1.0
Throwing       | |  2.0

Action                   |  1- 3 |  4- 6 || total
-------------------------+-------+-------++-------
Melee: Long sword        |    74 |    61 ||   135
       Headbutt          |    12 |     8 ||    20
Throw: Throwing net      |       |     1 ||     1
  Use: Scroll            |     4 |     6 ||    10
       Potion            |       |     1 ||     1
  Eat: Chunk             |     1 |     2 ||     3
       Beef jerky        |       |     1 ||     1
Armor: Leather armour    |    21 |    21 ||    42
Dodge: Dodged            |    52 |    50 ||   102
